 Dungeon Sprint DCSS version 0.28-a0-297-g99b01970c5 (webtiles) character file.

Game seed: 8580393168117776657

0 Conn the Firebug (level 1, -1/11 HPs)
             Began as an Octopode Fire Elementalist on Aug 29, 2021.
             Was an Initiate of Sif Muna.
             Slain by Terence (3 damage)
             ... in the Dungeon (Sprint VI: "Thunderdome").
             The game lasted 00:01:46 (42 turns).

Conn the Firebug (Octopode Fire Elementalist)         Turns: 42, Time: 00:01:46

Health: -1/11      AC:  1    Str: 10    XL:     1   Next: 20%
Magic:  2/12       EV: 13    Int: 22    God:    Sif Muna [......]
Gold:   20         SH:  0    Dex: 10    Spells: 3/4 levels left

rFire   . . .      SeeInvis .   (no weapon)
rCold   . . .      Faith    .   (no shield)
rNeg    . . .      Spirit   .   (helmet restricted)
rPois   .          Reflect  .   (no amulet)
rElec   .          Harm     .   n - ring of Mallakyf {MP+9 Str+3 Int+5 Dex-2}
rCorr   .          Rampage  .   (no ring)
Will    .....      NoTele   +   (no ring)
Stlth   +++.......              (no ring)
HPRegen 0.03/turn               (no ring)
MPRegen 0.13/turn               (no ring)
                                (no ring)
                                (no ring)

@: no status effects
A: almost no armour, amphibious, 8 rings, camouflage 1, gelatinous body 1,
(nimble swimmer 1), tentacles
a: Renounce Religion


You were in the Dungeon.
You worshipped Sif Muna.
Sif Muna was noncommittal.
You visited 1 branch You collected 200 gold pieces.
You spent 180 gold pieces at shops.

Inventory:

Jewellery
 k - the ring "Ahaoppek" {rC- rN+ Str+4 Dex+6}
   (You bought it in a shop in the Dungeon)

   [ring of dexterity]

   Str:       It affects your strength (+4).
   Dex:       It affects your dexterity (+6).
   rC:        It makes you vulnerable to cold.
   rN:        It protects you from negative energy.
 l - the ring of the Pariah {Drain rN++ Will- MP+9 Int+2}
   (You bought it in a shop in the Dungeon)

   [ring of magical power]

   Int:       It affects your intelligence (+2).
   rN:        It greatly protects you from negative energy.
   MP:        It affects your magic capacity (+9).
   Drain:     It drains your maximum health when unequipped.
   Will:      It decreases your willpower.
 m - the amulet "Taix" {+Blink Will+ Regen+ Str+3 Slay+2}
   (You bought it in a shop in the Dungeon)

   [amulet of regeneration]

   Str:       It affects your strength (+3).
   Slay:      It affects your accuracy & damage with ranged weapons and melee
   (+2).
   +Blink:    It lets you blink.
   Regen:     It increases your rate of health regeneration.
   Will:      It increases your willpower.
 n - the ring of Mallakyf (left tentacle) {MP+9 Str+3 Int+5 Dex-2}
   (You bought it in a shop in the Dungeon)

   [ring of magical power]

   Str:       It affects your strength (+3).
   Int:       It affects your intelligence (+5).
   Dex:       It affects your dexterity (-2).
   MP:        It affects your magic capacity (+9).
Wands
 g - a wand of acid (2)
 h - a wand of iceblast (4)
Scrolls
 f - 4 scrolls of blinking
 i - 3 scrolls of fog
Potions
 a - a potion of curing
 b - 4 potions of heal wounds
 c - 4 potions of haste
 d - 2 potions of magic
 e - a potion of berserk rage
 j - a potion of resistance


   Skills:
 + Level 2.1 Dodging
 + Level 2.8 Stealth
 + Level 2.1 Spellcasting
 + Level 1.0 Conjurations
 + Level 3.3 Fire Magic
 * Level 0.6 Invocations


You had 3 spell levels left.
You knew the following spells:

 Your Spells              Type           Power      Damage    Failure   Level
a - Foxfire               Conj/Fire      48%        2x1d6     5%          1

Your spell library contained the following spells:

 Spells                   Type           Power      Damage    Failure   Level
 Conjure Flame            Conj/Fire      12%        6-21      17%         3
 Inner Flame              Hex/Fire       9%         N/A       21%         3
 Sticky Flame             Conj/Fire      12%        2d4       50%         4
 Fireball                 Conj/Fire      6%         3d5       83%         5


Dungeon Overview and Level Annotations

Branches:
Dungeon (1/1)

Altars:
Cheibriados
Kikubaaqudgha
Ru
Sif Muna
Trog
Vehumet
Xom
Yredelemnul
Jiyva
Lugonu

Shops:
D *[???:(

Annotations:
D Terence


Innate Abilities, Weirdness & Mutations

You cannot wear most types of armour.
You are amphibious.
You can wear up to eight rings at the same time.
Your skin changes colour to match your surroundings (Stealth+).
Your rubbery body absorbs attacks. (AC +1, EV +1)
((You are camouflaged near water. (Stealth+)))
You have tentacles for arms and can constrict up to eight enemies at once.


Message History

There is an entrance to Othahau's Jewellery here.
k - the ring "Ahaoppek" {rC- rN+ Str+4 Dex+6}
l - the ring of the Pariah {Drain rN++ Will- MP+9 Int+2}
m - the amulet "Taix" {+Blink Will+ Regen+ Str+3 Slay+2}
n - the ring of Mallakyf {MP+9 Str+3 Int+5 Dex-2} Thank you for shopping at Othahau's Jewellery!
You feel your magic capacity increase.
You feel stronger.
You feel clever.
You feel clumsy.
n - the ring of Mallakyf (left tentacle) {MP+9 Str+3 Int+5 Dex-2} You start putting on your amulet.
You continue putting on the amulet "Taix" {+Blink Will+ Regen+ Str+3 Slay+2}. x2
Keep equipping yourself?
You stop putting on your amulet.
Casting: Foxfire (safe; 5% risk of failure)
Confirm with . or Enter, or press ? or * to list all spells.
Okay, then.
Aiming: Corrosive Bolt
Press: ? - help, Shift-Dir - straight line, f - Terence
Aim: Terence, wielding a +5 vorpal hand axe and wearing a +0 chain mail (translocational energy, wandering, hasn't noticed you, 79% to hit)
The bolt of acid misses Terence.
Terence shouts!
Aiming: Iceblast
Press: ? - help, Shift-Dir - straight line, f/p - Terence
Aim: Terence, wielding a +5 vorpal hand axe and wearing a +0 chain mail The mass of ice explodes!
The iceblast engulfs Terence.
Terence is moderately wounded.
Unknown command.
Aiming: Corrosive Bolt
Press: ? - help, Shift-Dir - straight line, f/p - Terence
Aim: Terence, wielding a +5 vorpal hand axe and wearing a +0 chain mail (moderately wounded, 79% to hit)
The bolt of acid misses Terence.
Aiming: Corrosive Bolt
Press: ? - help, Shift-Dir - straight line, f/p - Terence
Aim: Terence, wielding a +5 vorpal hand axe and wearing a +0 chain mail (moderately wounded, 79% to hit)
The bolt of acid misses Terence.
Terence hits you with a +5 vorpal hand axe!
Ouch! That really hurt!
* * * LOW HITPOINT WARNING * * *
You die...

###.........###
#⌠...........⌠#
######.8.........8.#
##.___......###......
###∩........8.# .8...
##.............###.....
#§..........###...#
#⌠..........# #.<.#
#⌠.....@@...###...#
##.............###..
###∩........8.# .8..
##∩.__......# .....
######.8.... ..8.#
#⌠..... ..⌠# ###....
.### .... ..


You could see Terence.

Vanquished Creatures
  A bat skeleton (D)
1 creature vanquished.

Vanquished Creatures (others)
  2 foxfires (D)
2 creatures vanquished.

Grand Total: 3 creatures vanquished

Notes
Turn   | Place    | Note
-------+----------+-------------------------------------------
     0 | D        | Conn the Octopode Fire Elementalist began the quest for the
                  | Orb.
     0 | D        | Reached XP level 1. HP: 11/11 MP: 3/3
     1 | D        | Found a snail-covered altar of Cheibriados.
     1 | D        | Found a shimmering blue altar of Sif Muna.
     2 | D        | Found a basalt altar of Yredelemnul.
     3 | D        | Found a viscous altar of Jiyva.
     3 | D        | Found an ancient bone altar of Kikubaaqudgha.
     4 | D        | Found a shimmering altar of Xom.
     4 | D        | Found a sacrificial altar of Ru.
     4 | D        | Found Avicur's Magic Scroll Shop.
     4 | D        | Found Urghud's Staff Store.
     5 | D        | Found a bloodstained altar of Trog.
     5 | D        | Found Getwy's Magic Scroll Shop.
     5 | D        | Found Yzetz's Must-Have Magic.
     5 | D        | Round 1.
     9 | D        | Became a worshipper of Sif Muna the Loreminder
    13 | D        | Found Othahau's Jewellery.
    13 | D        | Found Zeipseq's Advanced Armour.
    17 | D        | Found a radiant altar of Vehumet.
    17 | D        | Found a corrupted altar of Lugonu.
    17 | D        | Found Ujuokourch's Identification Station.
    32 | D        | Bought a brightly glowing jade ring for 45 gold pieces
    32 | D        | Identified the ring "Ahaoppek" {rC- rN+ Str+4 Dex+6} (You
                  | bought it in a shop in the Dungeon)
    32 | D        | Bought an ancient granite ring for 45 gold pieces
    32 | D        | Identified the ring of the Pariah {Drain rN++ Will- MP+9
                  | Int+2} (You bought it in a shop in the Dungeon)
    32 | D        | Bought a scintillating iron amulet for 45 gold pieces
    32 | D        | Identified the amulet "Taix" {+Blink Will+ Regen+ Str+3
                  | Slay+2} (You bought it in a shop in the Dungeon)
    32 | D        | Bought a brightly glowing brass ring for 45 gold pieces
    32 | D        | Identified the ring of Mallakyf {MP+9 Str+3 Int+5 Dex-2}
                  | (You bought it in a shop in the Dungeon)
    35 | D        | Noticed Terence
    42 | D        | Slain by Terence

Illustrated notes

Levels and vault maps discovered:
D:        arena_sprint

Action                   || total
-------------------------++-------
 Cast: Foxfire           ||     2
Evoke: Wand              ||     4

Table legend: (Time is in decaauts)
 A = Elapsed time spent in this place.
 B = Non-inter-level travel time spent in this place.
 C = Inter-level travel time spent in this place.
 D = Time resting spent in this place.
 E = Time spent auto-exploring this place.
 F = Levels seen in this place.
 G = Mean time per level.
                   A        B        C        D        E       F      G
               +--------+--------+--------+--------+--------+-----+--------+
         Total |     41 |     41 |      0 |      0 |      0 |   1 |   41.0 |
       Dungeon |     41 |     41 |      0 |      0 |      0 |   1 |   41.0 |
               +--------+--------+--------+--------+--------+-----+--------+

Top non-repeatable levels by time:
       D: 41 daAuts
